 Dungeon Crawl Stone Soup version 0.19-a0-1111-gcceb26a (webtiles) character file.

27 4thArraOfDagon the Ruffian (level 2, -3/26 HPs)
             Began as a Troll Arcane Marksman on Aug 10, 2016.
             Slain by a scorpion (6 damage)
             ... on level 4 of the Dungeon.
             The game lasted 00:01:26 (318 turns).

4thArraOfDagon the Ruffian (Troll Arcane Marksman)   Turns: 318, Time: 00:01:27

Health: -3/26      AC:  5    Str: 18    XL:     2   Next: 93%
Magic:  2/2        EV: 10    Int:  9    God:
Gold:   32         SH:  0    Dex: 11    Spells: 1 memorised, 2 levels left

rFire  . . .     SeeInvis +       - Unarmed
rCold  . . .     Gourm    +     a - +0 robe
rNeg   . . .     Faith    .     (no shield)
rPois  .         Spirit   .     (helmet restricted)
rElec  .         Dismiss  .     (no cloak)
rCorr  .         Reflect  .     (gloves unavailable)
SustAt .         Harm     .     (boots unavailable)
MR     .....                    (no amulet)
Stlth  +.........               (no ring)
                                e - ring of see invisible

@: lethally poisoned (-3 -> -3)
A: unfitting armour, antennae 1, claws 3, agile 1, fast metabolism 3, gourmand,
regeneration 2, shaggy fur 1, tough skin 2
a: no special abilities


You were on level 4 of the Dungeon.
You were not hungry.

You visited 1 branch of the dungeon, and saw 5 of its levels.

You collected 32 gold pieces.

Inventory:

Missiles
 c - 4 large rocks (quivered)
Armour
 a - a +0 robe (worn)
Jewellery
 e - a ring of see invisible (left claw)
Wands
 i - a wand of lightning (9/15)
Books
 b - a book of Debilitation

   Spells                             Type                      Level
   a - Corona                         Hexes                        1
   b - Slow                           Hexes                        2
   c - Gell's Gravitas                Hexes/Translocation          3
   d - Inner Flame                    Hexes/Fire                   3
   e - Cause Fear                     Hexes                        4
   f - Leda's Liquefaction            Hexes/Earth                  4
Comestibles
 f - 2 bread rations
 k - a meat ration


   Skills:
 - Level 0.7 Fighting
 - Level 1.7 Throwing
 - Level 1.5 Dodging
 * Level 2.6 Unarmed Combat
 - Level 1.0 Spellcasting
 - Level 2.0 Hexes


You had 2 spell levels left.
You knew the following spells:

 Your Spells              Type           Power        Failure   Level  Hunger
a - Corona                Hex            #......      17%         1    ##.....


Dungeon Overview and Level Annotations

Branches:
Dungeon (5/15)
 Temple: D:4-7

Altars:
Pakellas


Innate Abilities, Weirdness & Mutations

You are too large for most types of armour.
You have claws for hands.
Your metabolism is lightning-fast.
You like to eat raw meat.
You heal very quickly.
You are covered in fur. (AC +1)
You have very tough skin. (AC +2)
You have a pair of small antennae on your head.
You are agile. (Dex +2)


Message History

You scratch the scorpion but do no damage.
The scorpion is moderately wounded.
You feel sick.
The scorpion struggles against the net.
The net rips apart, and the scorpion comes free!
You scratch the scorpion.
The scorpion is heavily wounded.
The scorpion stings you!
* * * LOW HITPOINT WARNING * * *
Unknown command.
Throwing (i - inventory. (,) - cycle):
d - a throwing net (quivered)
Press: ? - help, Shift-Dir - straight line, f/p - scorpion
Aim: a scorpion (heavily wounded)
You throw a throwing net.
The throwing net barely misses the scorpion.
You feel sick.
Unknown command.
It was a potion of mutation.
You feel extremely strange.
You feel agile. A pair of antennae grows on your head! The scorpion stings you.
You die...

..#.#. .#.#.# .#
#....## #.. #.....
#._.#...#.#######.
...#.#....)......
##..#.##@#
#.....os.# .
##....####
..#..((.######
.......(.....#
.............#
.......>.....#
.............#
........o....#


You could see a scorpion and an orc.

Vanquished Creatures
  A gnoll (D:5)
  An ooze (D:4)
  A dart slug (D:1)
  2 goblins (D:2)
  2 hobgoblins (D:1)
  A jackal (D:5)
  2 kobolds (D:1)
  A rat (D:1)
11 creatures vanquished.

Notes
Turn   | Place    | Note
-------+----------+-------------------------------------------
     0 | D:1      | 4thArraOfDagon the Troll Arcane Marksman began the quest for the Orb.
     0 | D:1      | Reached XP level 1. HP: 18/18 MP: 1/1
    36 | D:1      | Reached skill level 1 in Unarmed Combat
    78 | D:1      | Reached XP level 2. HP: 26/26 MP: 2/2
   209 | D:5      | Entered Level 5 of the Dungeon
   232 | D:5      | Noticed a phantom
   301 | D:4      | Noticed a scorpion
   302 | D:4      | Found an oddly glowing altar of Pakellas.
   318 | D:4      | Gained mutation: You are agile. (Dex +2) [potion of mutation]
   318 | D:4      | Gained mutation: You have a pair of small antennae on your head. [potion of mutation]
   318 | D:4      | Slain by a scorpion

Vault maps used:
D:1:      minmay_arrival_radiant_lines
D:2:      overflow_temple_1_default, lemuel_doored_altar, uniq_terence
D:3:      ecumenical_altar_1, first_bread, yredelemnul_altar_generic
D:4:      grunt_dithmenos_smoke, grunt_pakellas_mercury, uniq_pikel
D:5:      kennysheep_generic_room_5, uniq_duvessa

Skill      XL: |  1  2 |
---------------+-------+-----
Unarmed Combat | 1 2 |  2.6
Fighting       | |  0.7
Throwing       | |  1.7
Dodging        | |  1.5
Spellcasting   | |  1.0
Hexes          | |  2.0

Action                   || total
-------------------------++-------
Melee: Unarmed           ||    45
Throw: Throwing net      ||     2
       Large rock        ||     1
  Use: Scroll            ||     2
       Potion            ||     1
 Stab: Held in net/web   ||     1
  Eat: Chunk             ||     3
Armor: Robe              ||    14
Dodge: Dodged            ||    14
